TOP OF THE 1ST |
Myrtle Beach Mermen batting - Pitching for Long Island Seawolves : RHP Daniel Lavalley
|
Pitching: RHP Daniel Lavalley
|
|
Batting: RHB Ronaldo Gentil
|
0-0: Ball 1-0: Ball 2-0: Fly out, F9 (Flyball, 9LMF)
|
Batting: RHB Juan Laguna
|
0-0: Foul Ball, location: 2F 0-1: Swinging Strike 0-2: Ball 1-2: Ball 2-2: Strikes out swinging
|
Batting: LHB Raymond Dudzinski
|
0-0: Called Strike 0-1: Swinging Strike 0-2: Ball 1-2: Ball 2-2: Foul Ball, location: 2F 2-2: SINGLE (Groundball, 4MD)
|
Batting: RHB Tumas Wenzu
|
0-0: Called Strike 0-1: Ground out 1-3 (Groundball, 15S)
|
Top of the 1st over - 0 runs, 1 hit, 0 errors, 1 left on base; Myrtle Beach 0 - Long Island 0 |
BOTTOM OF THE 1ST |
Long Island Seawolves batting - Pitching for Myrtle Beach Mermen : RHP Ryunosuke Kurota
|
Pitching: RHP Ryunosuke Kurota
|
|
Batting: SHB Josh Sanders
|
0-0: SINGLE (Groundball, 56) (infield hit)
|
Batting: RHB Jeff MacCamie
|
0-0: Ball Josh Sanders is caught stealing 2nd base 1-0: Foul Ball, location: 2F 1-1: Ball 2-1: Foul Ball, location: 2F 2-2: Ground out 6-3 (Groundball, 6)
|
Batting: RHB Alfredo Escalante
|
0-0: Ball 1-0: Ball 2-0: Ball 3-0: Called Strike 3-1: Base on Balls
|
Batting: SHB Alfredo Sánchez
|
0-0: Ball 1-0: Ball 2-0: Ball 3-0: Called Strike 3-1: Called Strike 3-2: Strikes out swinging
|
Bottom of the 1st over - 0 runs, 1 hit, 0 errors, 1 left on base; Myrtle Beach 0 - Long Island 0 |
TOP OF THE 2ND |
Myrtle Beach Mermen batting - Pitching for Long Island Seawolves : RHP Daniel Lavalley
|
Batting: RHB Armando Romero
|
0-0: Ball 1-0: SOLO HOME RUN (Line Drive, 7D), Distance : 346 ft
|
Batting: RHB Spartak Gonjarov
|
0-0: Ground out U3 (Groundball, 34S)
|
Batting: RHB Landon Edwards
|
0-0: Hit by Pitch
|
Batting: LHB Félix Castellanos
|
0-0: Foul Ball, location: 2F 0-1: Called Strike 0-2: SINGLE (Groundball, 34D) Landon Edwards to second Runner from 2nd tries for 3rd, SAFE, throw made at trailing runner, OUT!
|
Batting: RHB Russell Porter
|
0-0: Foul Ball, location: 2F 0-1: Called Strike 0-2: Ball 1-2: Foul Ball, location: 2F 1-2: SINGLE (Flyball, 3D) Landon Edwards scores
|
Batting: RHB Ronaldo Gentil
|
0-0: SINGLE (Line Drive, 9LS) Russell Porter to second
|
Batting: RHB Juan Laguna
|
0-0: Ball 1-0: Ball 2-0: SINGLE (Groundball, 5S) (infield hit) Russell Porter to third Ronaldo Gentil to second
|
Batting: LHB Raymond Dudzinski
|
0-0: Called Strike 0-1: Ball 1-1: Foul Ball, location: 2F 1-2: Ball 2-2: Ball 3-2: Ground out 6-3 (Groundball, 6)
|
Top of the 2nd over - 2 runs, 5 hits, 0 errors, 3 left on base; Myrtle Beach 2 - Long Island 0 |
BOTTOM OF THE 2ND |
Long Island Seawolves batting - Pitching for Myrtle Beach Mermen : RHP Ryunosuke Kurota
|
Batting: RHB Abad Lugo
|
0-0: Ground out 6-3 (Groundball, 6)
|
Batting: RHB Júlio Flores
|
0-0: Fly out, F7 (Flyball, 7D)
|
Batting: LHB Wilson López
|
0-0: Called Strike 0-1: SINGLE (Groundball, 4MD)
|
Batting: SHB Carlos González
|
0-0: Ball 1-0: Ball 2-0: Called Strike 2-1: Called Strike 2-2: Ball Wilson López steals 2nd base 3-2: Strikes out swinging
|
Bottom of the 2nd over - 0 runs, 1 hit, 0 errors, 1 left on base; Myrtle Beach 2 - Long Island 0 |
TOP OF THE 3RD |
Myrtle Beach Mermen batting - Pitching for Long Island Seawolves : RHP Daniel Lavalley
|
Batting: RHB Tumas Wenzu
|
0-0: Called Strike 0-1: Ball 1-1: SOLO HOME RUN (Flyball, 7D), Distance : 346 ft
|
Batting: RHB Armando Romero
|
0-0: Ball 1-0: Foul Ball, location: 2F 1-1: Swinging Strike 1-2: Ground out 6-3 (Groundball, 6)
|
Batting: RHB Spartak Gonjarov
|
0-0: Called Strike 0-1: Ground out 6-3 (Groundball, 6)
|
Batting: RHB Landon Edwards
|
0-0: Ball 1-0: Ball 2-0: Ball 3-0: Called Strike 3-1: Base on Balls
|
Batting: LHB Félix Castellanos
|
0-0: Ball 1-0: Fly out, F8 (Line Drive, 89D)
|
Top of the 3rd over - 1 run, 1 hit, 0 errors, 1 left on base; Myrtle Beach 3 - Long Island 0 |
BOTTOM OF THE 3RD |
Long Island Seawolves batting - Pitching for Myrtle Beach Mermen : RHP Ryunosuke Kurota
|
Batting: LHB Greg Watkins
|
0-0: Foul Ball, location: 2F 0-1: Ground out 4-3 (Groundball, 4)
|
Batting: SHB Josh Sanders
|
0-0: Fly out, F9 (Flyball, 9LM)
|
Batting: RHB Jeff MacCamie
|
0-0: Called Strike 0-1: Ball 1-1: Called Strike 1-2: Ball 2-2: SINGLE (Line Drive, 9LS)
|
Batting: RHB Alfredo Escalante
|
0-0: TRIPLE (Flyball, 9LD) Jeff MacCamie scores
|
Batting: SHB Alfredo Sánchez
|
0-0: Called Strike 0-1: Ground out U3 (Groundball, 3)
|
Bottom of the 3rd over - 1 run, 2 hits, 0 errors, 1 left on base; Myrtle Beach 3 - Long Island 1 |
TOP OF THE 4TH |
Myrtle Beach Mermen batting - Pitching for Long Island Seawolves : RHP Daniel Lavalley
|
Batting: RHB Russell Porter
|
0-0: Ball 1-0: Ball 2-0: Called Strike 2-1: Foul Ball, location: 2F 2-2: Ball 3-2: SINGLE (Groundball, 56D)
|
Batting: RHB Ronaldo Gentil
|
0-0: Called Strike 0-1: Swinging Strike 0-2: Foul Ball, location: 2F 0-2: Ball 1-2: Ball 2-2: Strikes out swinging
|
Batting: RHB Juan Laguna
|
0-0: Ball 1-0: Swinging Strike 1-1: Fly out, F7 (Flyball, 7S)
|
Batting: LHB Raymond Dudzinski
|
0-0: Called Strike 0-1: Ground out 4-3 (Groundball, 34)
|
Top of the 4th over - 0 runs, 1 hit, 0 errors, 1 left on base; Myrtle Beach 3 - Long Island 1 |
BOTTOM OF THE 4TH |
Long Island Seawolves batting - Pitching for Myrtle Beach Mermen : RHP Ryunosuke Kurota
|
Batting: RHB Abad Lugo
|
0-0: Called Strike 0-1: Called Strike 0-2: Strikes out looking
|
Batting: RHB Júlio Flores
|
0-0: Ball 1-0: Ball 2-0: Called Strike 2-1: Ball 3-1: Called Strike 3-2: Strikes out swinging
|
Batting: LHB Wilson López
|
0-0: Ball 1-0: Ball 2-0: Ball 3-0: Called Strike 3-1: Base on Balls
|
Batting: SHB Carlos González
|
0-0: Ball 1-0: Swinging Strike 1-1: Ball 2-1: Swinging Strike 2-2: Ball Wilson López steals 2nd base 3-2: Fly out, F9 (Flyball, 89S)
|
Bottom of the 4th over - 0 runs, 0 hits, 0 errors, 1 left on base; Myrtle Beach 3 - Long Island 1 |
TOP OF THE 5TH |
Myrtle Beach Mermen batting - Pitching for Long Island Seawolves : RHP Daniel Lavalley
|
Batting: RHB Tumas Wenzu
|
0-0: Ball 1-0: Ball 2-0: Called Strike 2-1: Ball 3-1: Fly out, F8 (Line Drive, 8LD)
|
Batting: RHB Armando Romero
|
0-0: Fly out, F9 (Flyball, 89S)
|
Batting: RHB Spartak Gonjarov
|
0-0: Fly out, F9 (Flyball, 9LMF)
|
Top of the 5th over - 0 runs, 0 hits, 0 errors, 0 left on base; Myrtle Beach 3 - Long Island 1 |
BOTTOM OF THE 5TH |
Long Island Seawolves batting - Pitching for Myrtle Beach Mermen : RHP Ryunosuke Kurota
|
Batting: LHB Greg Watkins
|
0-0: Called Strike 0-1: Ball 1-1: DOUBLE (Line Drive, 8RD)
|
Batting: SHB Josh Sanders
|
0-0: Called Strike 0-1: Ball 1-1: Foul Ball, location: 2F 1-2: Strikes out looking
|
Batting: RHB Jeff MacCamie
|
0-0: Called Strike 0-1: Ball 1-1: Ground out 1-3 (Groundball, 15S)
|
Batting: RHB Alfredo Escalante
|
0-0: Ball 1-0: SINGLE (Flyball, 78S) Greg Watkins to third Runner from 3rd tries for Home, SAFE, throw made home Alfredo Escalante to second
|
Batting: SHB Alfredo Sánchez
|
0-0: Called Strike 0-1: Called Strike 0-2: Ball 1-2: Ball 2-2: Foul Ball, location: 2F 2-2: SINGLE (Groundball, 6MD) Alfredo Escalante to third Runner from 3rd tries for Home, SAFE, throw made home
|
Batting: RHB Abad Lugo
|
0-0: Called Strike 0-1: Foul Ball, location: 2F 0-2: Strikes out swinging
|
Bottom of the 5th over - 2 runs, 3 hits, 0 errors, 1 left on base; Myrtle Beach 3 - Long Island 3 |
TOP OF THE 6TH |
Myrtle Beach Mermen batting - Pitching for Long Island Seawolves : RHP Daniel Lavalley
|
Batting: RHB Landon Edwards
|
0-0: Fly out, F7 (Flyball, 7S)
|
Batting: LHB Félix Castellanos
|
0-0: Called Strike 0-1: Swinging Strike 0-2: Strikes out swinging
|
Batting: RHB Russell Porter
|
0-0: Ball 1-0: Foul Ball, location: 2F 1-1: SINGLE (Groundball, 34S) (infield hit)
|
Batting: RHB Ronaldo Gentil
|
0-0: Swinging Strike 0-1: Ball 1-1: Fielders Choice at 2nd, 5-4 (Groundball, 56)
|
Top of the 6th over - 0 runs, 1 hit, 0 errors, 1 left on base; Myrtle Beach 3 - Long Island 3 |
BOTTOM OF THE 6TH |
Long Island Seawolves batting - Pitching for Myrtle Beach Mermen : RHP Ryunosuke Kurota
|
Batting: RHB Júlio Flores
|
0-0: Called Strike 0-1: SINGLE (Flyball, 89M)
|
Batting: LHB Wilson López
|
0-0: Reached on error, E2 (Groundball, 2L) Júlio Flores to third
|
Batting: SHB Carlos González
|
0-0: Ball 1-0: Swinging Strike 1-1: Ball 2-1: Ball 3-1: Foul Ball, location: 2F 3-2: Ground out 4-3 (Groundball, 4)
|
Batting: LHB Greg Watkins
|
0-0: Ground out U3 (Groundball, 34)
|
Batting: SHB Josh Sanders
|
0-0: Called Strike 0-1: Swinging Strike 0-2: Foul Ball, location: 2F 0-2: Ball 1-2: Ball 2-2: Foul Ball, location: 2F 2-2: Strikes out looking
|
Bottom of the 6th over - 0 runs, 1 hit, 1 error, 2 left on base; Myrtle Beach 3 - Long Island 3 |
TOP OF THE 7TH |
Myrtle Beach Mermen batting - Pitching for Long Island Seawolves : RHP Daniel Lavalley
|
Batting: RHB Juan Laguna
|
0-0: Called Strike 0-1: Ball 1-1: Ball 2-1: Foul Ball, location: 2F 2-2: Ball 3-2: SINGLE (Line Drive, 7S)
|
Batting: LHB Raymond Dudzinski
|
0-0: Foul Ball, location: 2F 0-1: Foul Ball, location: 2F 0-2: Foul Ball, location: 2F 0-2: Strikes out swinging
|
Batting: RHB Tumas Wenzu
|
0-0: Ball 1-0: Grounds into double play, 6-4-3 (Groundball, 6)
|
Top of the 7th over - 0 runs, 1 hit, 0 errors, 0 left on base; Myrtle Beach 3 - Long Island 3 |
BOTTOM OF THE 7TH |
Long Island Seawolves batting - Pitching for Myrtle Beach Mermen : RHP Ryunosuke Kurota
|
Batting: RHB Jeff MacCamie
|
0-0: SINGLE (Groundball, 6MD)
|
Pinch Hitting: LHB Pedro Colón
|
0-0: Ball 1-0: Ball 2-0: Called Strike 2-1: Called Strike 2-2: Ball 3-2: Fly out, F3 (Popup, 23F)
|
Batting: SHB Alfredo Sánchez
|
0-0: Foul Ball, location: 2F 0-1: Called Strike 0-2: Ball 1-2: Foul Ball, location: 2F 1-2: Grounds into double play, 4-6-3 (Groundball, 4)
|
Bottom of the 7th over - 0 runs, 1 hit, 0 errors, 0 left on base; Myrtle Beach 3 - Long Island 3 |
TOP OF THE 8TH |
Myrtle Beach Mermen batting - Pitching for Long Island Seawolves : RHP Daniel Lavalley
|
Now at SS: Ricardo Pulido
|
|
Batting: RHB Armando Romero
|
0-0: Foul Ball, location: 2F 0-1: Hit by Pitch
|
Pinch Runner at 1st Héctor Rivera:
|
|
Pinch Hitting: LHB Roberto Vázquez
|
0-0: Ball 1-0: Called Strike 1-1: SINGLE (Line Drive, 34) Héctor Rivera to second
|
Batting: RHB Landon Edwards
|
0-0: Sac Bunt - play at first, batter OUT! 1-4 Héctor Rivera to third Roberto Vázquez to second
|
Batting: LHB Félix Castellanos
|
0-0: Intentional Walk
|
Batting: RHB Russell Porter
|
0-0: Called Strike 0-1: SINGLE (Line Drive, 9S) Héctor Rivera scores Roberto Vázquez to third Félix Castellanos to second Runner from 3rd tries for Home, SAFE, no throw
|
Pitching: LHP José González
|
|
Pinch Hitting: RHB Cody Blackburn
|
0-0: Ball 1-0: Ball 2-0: Foul Ball, location: 2F 2-1: Swinging Strike 2-2: Ball 3-2: Base on Balls Félix Castellanos to third Russell Porter to second
|
Batting: RHB Juan Laguna
|
0-0: Grounds into double play, 5-2-3 (Groundball, 56S)
|
Top of the 8th over - 2 runs, 2 hits, 0 errors, 2 left on base; Myrtle Beach 5 - Long Island 3 |
BOTTOM OF THE 8TH |
Long Island Seawolves batting - Pitching for Myrtle Beach Mermen : RHP Ryunosuke Kurota
|
Pitching: RHP Juan Carlos Cruz
|
|
Now at SS: David Meléndez
|
|
Now in CF: Roberto Vázquez
|
|
Batting: RHB Abad Lugo
|
0-0: Ball 1-0: DOUBLE (Groundball, 5L)
|
Batting: RHB Júlio Flores
|
0-0: Swinging Strike 0-1: Foul Ball, location: 2F 0-2: Strikes out swinging
|
Pitching: RHP Aaron Houchens
|
|
Batting: LHB Wilson López
|
0-0: Fly out, F8 (Flyball, 8LS)
|
Batting: SHB Carlos González
|
0-0: Called Strike 0-1: Called Strike 0-2: Ball 1-2: 2-RUN HOME RUN (Flyball, 89XD), Distance : 374 ft
|
Batting: LHB Greg Watkins
|
0-0: Ball 1-0: Ground out 4-3 (Groundball, 4)
|
Bottom of the 8th over - 2 runs, 2 hits, 0 errors, 0 left on base; Myrtle Beach 5 - Long Island 5 |
TOP OF THE 9TH |
Myrtle Beach Mermen batting - Pitching for Long Island Seawolves : LHP José González
|
Pitching: LHP Denis Melis
|
|
Batting: LHB Raymond Dudzinski
|
0-0: Ball 1-0: Ball 2-0: Ball 3-0: Called Strike 3-1: Base on Balls
|
Pinch Runner at 1st Guillermo Montepeque:
|
|
Batting: RHB Tumas Wenzu
|
0-0: Foul Ball, location: 2F 0-1: Ball 1-1: Ball 2-1: Foul Ball, location: 2F 2-2: Ball 3-2: Foul Ball, location: 2F 3-2: Fly out, F8 (Line Drive, 8RM)
|
Batting: RHB Héctor Rivera
|
0-0: Ball 1-0: SINGLE (Line Drive, 7LS) Guillermo Montepeque to second
|
Pinch Hitting: RHB Pancho Núñez
|
0-0: Ball 1-0: Called Strike Guillermo Montepeque steals 3rd base Héctor Rivera to second 1-1: Swinging Strike 1-2: Strikes out looking
|
Batting: RHB Landon Edwards
|
0-0: Foul Ball, location: 2F 0-1: Foul Ball, location: 2F 0-2: Hit by Pitch
|
Batting: LHB Félix Castellanos
|
0-0: Ball 1-0: Called Strike 1-1: Fly out, F6 (Line Drive, 6M)
|
Top of the 9th over - 0 runs, 1 hit, 0 errors, 3 left on base; Myrtle Beach 5 - Long Island 5 |
BOTTOM OF THE 9TH |
Long Island Seawolves batting - Pitching for Myrtle Beach Mermen : RHP Aaron Houchens
|
Now at 1B: Stuart Janssen
|
|
Now at 3B: Guillermo Montepeque
|
|
Batting: SHB Josh Sanders
|
0-0: Ground out 4-3 (Groundball, 4MS)
|
Batting: RHB Jeff MacCamie
|
0-0: Ball 1-0: Ball 2-0: Ball 3-0: Called Strike 3-1: Fly out, F7 (Flyball, 7S)
|
Batting: RHB Ricardo Pulido
|
0-0: Called Strike 0-1: Ball 1-1: Ball 2-1: Called Strike 2-2: TRIPLE (Flyball, 89D)
|
Batting: SHB Alfredo Sánchez
|
0-0: Ball 1-0: Ball 2-0: Swinging Strike 2-1: Ball 3-1: Base on Balls
|
Batting: RHB Abad Lugo
|
0-0: Called Strike 0-1: SINGLE (Line Drive, 7S) Ricardo Pulido scores
|
Tuesday, June 12th, 2018 - OOTP Baseball 18.8 Build 76
|
|